 Dungeon Crawl Stone Soup version 0.24-a0-584-g9d6b971 (console) character file.

Game seed: 14810429883494761152, levelgen mode: deterministic

46 vegansnacktivist the Skirmisher (level 3, 0/29 HPs)
             Began as a Demonspawn Transmuter on Sept 6, 2019.
             Succumbed to an adder's poison
             ... on level 1 of the Dungeon.
             The game lasted 00:02:44 (1654 turns).

vegansnacktivist the Skirmisher (DsTm)              Turns: 1654, Time: 00:02:45

Health: 0/29       AC:  4    Str:  9    XL:     3   Next: 46%
Magic:  6/6        EV: 17    Int: 14    God:
Gold:   145        SH:  0    Dex: 18    Spells: 5/6 levels left

rFire    + . .     SeeInvis .     - Unarmed
rCold    . . .     Gourm    .   (no shield)
rNeg     . . .     Faith    .   b - +0 robe
rPois    .         Spirit   .   (helmet restricted)
rElec    .         Reflect  .   (no cloak)
rCorr    .         Harm     .   (no gloves)
MR       .....                  (no boots)
Stlth    +++.......             (no amulet)
HPRegen  0.09/turn              (no ring)
MPRegen  0.10/turn              (no ring)

@: agile, lethally poisoned (0 -> -1), about to teleport, hasted, very quick
A: antennae 1, slimy green scales 1, fire resistance 1, mutation resistance 1,
weak 1
a: no special abilities


You were on level 1 of the Dungeon.
You were not hungry.

You visited 1 branch of the dungeon, and saw 2 of its levels.

You collected 145 gold pieces.

Inventory:

Missiles
 a - 50 arrows
 h - 11 poisoned darts (quivered)
Armour
 b - a +0 robe (worn)
Scrolls
 c - 4 scrolls of identify
 e - a scroll of amnesia
 i - a scroll of fog
 k - 2 scrolls of teleportation
Potions
 f - a potion of agility
 g - a potion of haste
Comestibles
 d - 4 rations
 l - 2 chunks of flesh


   Skills:
 + Level 3.4 Fighting
 - Level 1.7 Dodging
 - Level 2.6 Unarmed Combat
 - Level 2.0 Spellcasting
 - Level 1.7 Transmutations


You had 5 spell levels left.
You knew the following spells:

 Your Spells              Type           Power        Failure   Level  Hunger
a - Beastly Appendage     Tmut           #.....       12%         1    ##.....

Your spell library contained the following spells:

 Spells                   Type           Power        Failure   Level  Hunger
 Sticks to Snakes         Tmut           #.......     17%         2    ###....
 Spider Form              Tmut/Pois      #.........   45%         3    ####...
 Ice Form                 Ice/Tmut       #.......     86%         4    #####..
 Blade Hands              Tmut           #.........   97%         5    ######.


Dungeon Overview and Level Annotations

Branches:
Dungeon (2/15)

Altars:


Innate Abilities, Weirdness & Mutations

You have a pair of small antennae on your head.
You are partially covered in slimy green scales. (AC +2)
Your flesh is heat resistant. (rF+)
You are somewhat resistant to further mutation.
You are weak. (Str -2)


Message History

* * * LOW HITPOINT WARNING * * *
You feel sick.
There is a stone staircase leading up here.
* * * LOW HITPOINT WARNING * * *
You feel sick.
You climb upwards.
There is a stone staircase leading down here.
There is a lethal amount of poison in your body!
As you read the scroll labeled MOWIEKHLOFUD, it crumbles to dust.
It is a scroll of identify.
e - a scroll of amnesia
As you read the scroll labeled VASIUZX QONIUN, it crumbles to dust.
The scroll dissolves into smoke.
It was a scroll of fog.
As you read the scroll labeled ALUCYH XYDILIWO, it crumbles to dust.
You feel strangely unstable.
It was a scroll of teleportation.
As you read the scroll labeled WISHRU KEELU, it crumbles to dust.
You hear a loud clanging noise!
It was a scroll of noise.
There is a lethal amount of poison in your body!
You die...

########### #.........#
#.#######.# #.# #§# #.#
#####§###### #.# #.§§@§§§...#
####.###.###§####.#
######.>......# #§# #.#
..............###.# ##.##
.#####.##.........###)#.######
.# #.#####.........###.....#
.# #.# ##.#######.#.####.# .#
#.# #.# ##.## #.####
.#####.######.########.#
#.....


There were no monsters in sight!

Vanquished Creatures
  An adder skeleton (D:2)
  A dart slug (D:2)
  A leopard gecko (D:2)
  A giant cockroach (D:2)
  4 goblins
  7 hobgoblins
  3 jackals (D:1)
  5 kobolds
  A quokka (D:2)
  10 bats
  A rat (D:2)
  A fungus (D:2)
  2 toadstools (D:2)
38 creatures vanquished.

Vanquished Creatures (others)
  4 toadstools (D:2)
4 creatures vanquished.

Grand Total: 42 creatures vanquished

Notes
Turn   | Place    | Note
-------+----------+-------------------------------------------
     0 | D:1      | vegansnacktivist the Demonspawn Transmuter began the quest
                  | for the Orb.
     0 | D:1      | Reached XP level 1. HP: 15/15 MP: 3/3
   185 | D:1      | Reached skill level 2 in Fighting
   222 | D:1      | Gained mutation: You are partially covered in slimy green
                  | scales. (AC +2) [demonic ancestry]
   222 | D:1      | Reached XP level 2. HP: 14/22 MP: 3/5
  1314 | D:2      | Reached skill level 3 in Fighting
  1337 | D:2      | Gained mutation: You have a pair of small antennae on your
                  | head. [demonic ancestry]
  1337 | D:2      | Reached XP level 3. HP: 19/29 MP: 6/6
  1635 | D:2      | Gained mutation: You are weak. (Str -2) [potion of
                  | mutation]
  1635 | D:2      | Gained mutation: Your flesh is heat resistant. (rF+)
                  | [potion of mutation]
  1635 | D:2      | Gained mutation: You are somewhat resistant to further
                  | mutation. [potion of mutation]
  1642 | D:2      | HP: 1/29 [poisoned by an adder]
  1648 | D:2      | HP: 1/29 [poisoned by an adder]
  1654 | D:1      | Succumbed to an adder's poison

Levels and vault maps discovered:
D:1:      psy_arrival_fountain, layout_loops_ring
D:2:      layout_rooms, first_ration, minmay_gold_behind_fungi,
          grunt_decor_one_mirror

Skill      XL: |  1  2 |
---------------+-------+-----
Fighting       | 2 3 |  3.4
Dodging        | |  1.7
Unarmed Combat | |  2.6
Spellcasting   | |  2.0
Transmutations | |  1.7

Action                   || total
-------------------------++-------
Melee: Unarmed           ||   205
       Headbutt          ||     2
       Kick              ||     3
       Punch             ||     2
 Cast: Beastly Appendage ||     9
  Use: Scroll            ||     4
       Potion            ||     3
 Stab: Sleeping          ||     3
  Eat: Chunk             ||     3
Armor: Robe              ||    59
Dodge: Dodged            ||   127

Table legend:
 A = Non-vault XP
 B = Vault XP
 C = Vault XP percentage of total XP
 D = Non-vault monster count
 E = Vault monster count
 F = Vault count percentage of total count
                 A         B        C        D         E       F
            +---------+---------+-------+---------+---------+-------
      Total |      67 |       0 |   0.0 |      35 |       0 |   0.0
            +---------+---------+-------+---------+---------+-------
        D:1 |      33 |       0 |   0.0 |      18 |       0 |   0.0
        D:2 |      34 |       0 |   0.0 |      17 |       0 |   0.0
            +---------+---------+-------+---------+---------+-------
